 Dungeon Crawl Stone Soup version 0.31-a0-1071-gaead2f62b1 (webtiles) character file.

Game seed: 4297944568482494976

2177 Firecrotchwizard the Grappler (level 9, -1/47 HPs)
             Began as a Vine Stalker Shapeshifter on Nov 26, 2023.
             Was a Follower of Okawaru.
             Succumbed to a kobold brigand's poison
             ... on level 7 of the Dungeon.
             The game lasted 00:13:48 (5402 turns).

Firecrotchwizard the Grappler (VSSh)                Turns: 5402, Time: 00:13:49

Health: -1/47      AC:  9    Str: 20    XL:     9   Next: 32%
Magic:  5/10       EV:  8    Int: 10    God:    Okawaru [*.....]
Gold:   486        SH:  4    Dex: 15    Spells: 8/8 levels left

rFire   + . .        s - +2 dagger (protect)
rCold   . . .        y - +0 buckler
rNeg    . . .        v - +1 chain mail {rF+}
rPois   .            (helmet currently unavailable)
rElec   .            (cloak currently unavailable)
rCorr   .            (gloves currently unavailable)
SInv    +            (boots currently unavailable)
Will    +....        e - amulet of the acrobat
Stlth   x              - ring of see invisible
HPRegen 1.07/turn    (no ring)
MPRegen 0.12/turn

%: acrobat, guardian spirit
@: lethally poisoned (-1 -> -4), beast-form
A: beast (slay +3), fangs 3, regeneration 1, magic shield, antimagic bite, no
potion heal 2
a: Begin Untransformation, Renounce Religion, Heroism


You were on level 7 of the Dungeon.
You worshipped Okawaru.
Okawaru was aware of your devotion.
You were a hulking beast.
You visited 2 branches of the dungeon, and saw 8 of its levels.

You collected 486 gold pieces.

Inventory:

Hand Weapons
 s - a +2 dagger of protection (weapon)
Missiles
 k - 3 darts of dispersal
 m - 15 poisoned darts
 r - 5 curare-tipped darts
Armour
 a - a +0 animal skin
 f - a +0 ring mail
 n - an orb of energy
 v - a +1 chain mail of fire resistance (worn)
 y - a +0 buckler (worn)
Jewellery
 e - an amulet of the acrobat (around neck)
 x - a ring of see invisible (left hand)
Talismans
 c - a beast talisman
 d - a flux talisman
Wands
 h - a wand of flame (40)
 C - a wand of light (14)
Scrolls
 g - a scroll of butterflies
 i - 5 scrolls of identify
 q - a scroll of amnesia {unknown}
 t - 2 scrolls of teleportation
 u - a scroll of brand weapon {unknown}
 w - 3 scrolls of enchant weapon
 D - a scroll of blinking {unknown}
 E - a scroll of poison
Potions
 b - 4 potions of lignification
 j - a potion of magic {unknown}
 l - 3 potions of haste {unknown}
 o - 2 potions of brilliance {unknown}
 p - 5 potions of curing
 z - 2 potions of might {unknown}
 A - a potion of ambrosia {unknown}
 B - a potion of invisibility {unknown}
 F - a potion of cancellation {unknown}


   Skills:
 + Level 5.5 Fighting
 - Level 1.5 Dodging
 * Level 9.1 Unarmed Combat
 + Level 6.2 Shapeshifting


You had 8 spell levels left.
You didn't know any spells.
Your spell library contained the following spells:

 Spells                   Type           Power      Damage    Failure   Level
 Passage of Golubria      Tloc           0%         N/A       100%        4
 Silence                  Hex/Air        0%         N/A       100%        5
 Lehudib's Crystal Spear  Conj/Erth      0%         10d2      100%        8
 Summon Ice Beast         Ice/Summ       Unusable   N/A       N/A         4
 Summon Mana Viper        Hex/Summ       Unusable   N/A       N/A         5
 Monstrous Menagerie      Summ           Unusable   N/A       N/A         7

Dungeon Overview and Level Annotations

Branches:
Dungeon (7/15)             Temple (1/1) D:6

Altars:
Ashenzari
Cheibriados
Dithmenos
Elyvilon
Fedhas
Gozag
Hepliaklqana
Kikubaaqudgha
Nemelex Xobeh
Okawaru
Qazlal
Ru
Sif Muna
Trog
Uskayaw
Wu Jian
Xom
Zin
The Shining One

Shops:
D:3 ?

Annotations:
D:6 exclusion: door


Innate Abilities, Weirdness & Mutations

You are a hulking beast.
Your limbs bulge with bestial killing power. (Slay +3)
You have razor-sharp teeth.
Your natural rate of healing is unusually fast.
When hurt, damage is shared between your health and your magic reserves.
Your bite disrupts and absorbs the magic of your enemies.
Potions cannot restore your health.


Message History

You kill the hornet!
Okawaru accepts your kill. The centaur barely misses you. x2
Your Unarmed Combat skill increases to level 9!
You hit the centaur. You bite the centaur! You drain its power.
The centaur is heavily wounded.
You block the centaur's attack. The centaur barely misses you.
The centaur hits you. The centaur barely misses you.
You barely miss the centaur. Your bite misses the centaur.
The centaur is heavily wounded.
You block the centaur's attack.
The centaur kicks you but does no damage.
You puncture the centaur! You bite the centaur.
You kill the centaur!
Okawaru accepts your kill.
No target in view!
r - 4 curare-tipped darts (gained 1)
There is an open door here.
r - 5 curare-tipped darts (gained 1) As you open the door, it creaks loudly!
There is an open door here.
You see here 2 stones.
You open the door.
There is an open door here.
There is an open door here.
There is an open door, spattered with blood here.
There is an open door here.
As you open the door, it creaks loudly!
A kobold brigand comes into view.
It is wielding a +2 short sword of venom and quivering poisoned darts.
The kobold brigand shouts!
The kobold brigand throws a poisoned dart.
You block the poisoned dart.
There is an open door here.
The kobold brigand barely misses you.
You hit the kobold brigand.
Your weapon exudes an aura of protection.
The kobold brigand is lightly wounded.
The kobold brigand hits you but does no damage.
You are poisoned.
You hit the kobold brigand but do no damage.
The kobold brigand is lightly wounded.
You feel very sick.
The kobold brigand hits you but does no damage.
You are more poisoned.
You hit the kobold brigand but do no damage.
Your bite misses the kobold brigand.
The kobold brigand is lightly wounded.
You feel very sick.
The kobold brigand hits you with a +2 short sword of venom.
You are more poisoned.
You barely miss the kobold brigand. You bite the kobold brigand!
You drain its power.
You feel invigorated.
The kobold brigand is heavily wounded.
You feel very sick. The kobold brigand barely misses you.
You hit the kobold brigand.
The kobold brigand is heavily wounded.
You feel very sick.
The kobold brigand hits you but does no damage.
You are more poisoned.
You hit the kobold brigand.
The kobold brigand is severely wounded.
You feel very sick. The kobold brigand closely misses you.
You completely miss the kobold brigand. You bite the kobold brigand.
You drain its power.
The kobold brigand is severely wounded.
You feel very sick.
The kobold brigand hits you with a +2 short sword of venom.
* * * LOW HITPOINT WARNING * * *
You are more poisoned.
You are too injured to fight recklessly!
You are too injured to fight recklessly!
You closely miss the kobold brigand.
The kobold brigand is severely wounded.
* * * LOW HITPOINT WARNING * * *
You feel very sick.
The kobold brigand hits you with a +2 short sword of venom.
* * * LOW HITPOINT WARNING * * *
You are lethally poisoned!
You completely miss the kobold brigand.
The kobold brigand is severely wounded.
* * * LOW HITPOINT WARNING * * *
You feel extremely sick.
The kobold brigand hits you but does no damage.
You are more poisoned.
You miss the kobold brigand.
The kobold brigand is severely wounded.
* * * LOW HITPOINT WARNING * * *
You feel extremely sick. The kobold brigand barely misses you.
It was a potion of curing.
Your system rejects the healing.
You feel better.
The kobold brigand hits you with a +2 short sword of venom.
* * * LOW HITPOINT WARNING * * *
You are lethally poisoned!
Okay, then.
Okay, then.
You closely miss the kobold brigand.
The kobold brigand is severely wounded.
You die...

#.###...'...(.'...###..##
##.##....#.....#..####.##
.#.#.....#.....#.###.#.##
...#....####'######..#..#
#......###.....# #...+..##
##.#..###.....###....#...#
##.#.###.....###.....#...#
#..####.....###..K..##...# ####
#..###.....###..h..# #...# ##..#
#...####'#######'#####))## ##....
.#..................).)..###.....
.#########..........####..##.....
## ##########..####.<#..... #
##..# ##....... # ##.####..#....
## ##....##...... .#
##.....###.....


You could see a kobold brigand.

Vanquished Creatures
  A hornet (D:7)
  Edmund (D:6)
  4 water moccasins
  Duvessa (D:6)
  An orc warrior (D:6)
  A sky beast (D:6)
  A black bear (D:7)
  An ice beast (D:6)
  2 centaurs
  A phantom (D:5)
  2 bullfrogs (D:7)
  2 scorpions
  Dowan (D:6)
  A howler monkey (D:7)
  3 jellies
  A hound (D:7)
  A sleepcap (D:6)
  3 iguanas
  5 gnolls
  5 adders
  A shadow imp (D:6)
  A white imp (D:5)
  3 worms (D:3)
  6 dart slugs
  12 orcs
  4 ball pythons
  8 endoplasms
  A giant cockroach (D:3)
  7 hobgoblins
  3 jackals (D:2)
  2 quokkas
  A bat (D:2)
  A frilled lizard (D:3)
  4 goblins
  4 kobolds
  5 rats
101 creatures vanquished.

Notes
Turn   | Place    | Note
-------+----------+-------------------------------------------
     0 | D:1      | Firecrotchwizard the Vine Stalker Shapeshifter began the
                  | quest for the Orb.
     0 | D:1      | Reached XP level 1. HP: 9/9 MP: 2/2
   274 | D:1      | Reached skill level 1 in Fighting
   307 | D:1      | Found a faded altar of an unknown god.
   744 | D:2      | Reached XP level 2. HP: 14/14 MP: 3/3
  1071 | D:2      | Reached XP level 3. HP: 18/18 MP: 4/4
  1684 | D:3      | Found Giowun's Magic Scroll Boutique.
  1698 | D:3      | Reached skill level 4 in Unarmed Combat
  1698 | D:3      | Reached XP level 4. HP: 23/23 MP: 5/5
  2233 | D:4      | Reached XP level 5. HP: 21/26 MP: 4/6
  2654 | D:5      | Entered Level 5 of the Dungeon
  2984 | D:5      | Noticed a phantom
  3013 | D:5      | Killed a phantom
  3014 | D:5      | Reached skill level 5 in Unarmed Combat
  3090 | D:5      | Reached XP level 6. HP: 32/32 MP: 7/7
  3259 | D:5      | Noticed a water moccasin
  3273 | D:5      | Killed a water moccasin
  3288 | D:5      | You fall into a shaft and drop 1 floor!
  3295 | D:6      | Noticed a sky beast
  3296 | D:6      | Noticed Edmund
  3624 | D:6      | Killed a sky beast
  3625 | D:6      | Reached XP level 7. HP: 33/36 MP: 8/8
  3627 | D:6      | Killed Edmund
  3628 | D:6      | Reached skill level 6 in Unarmed Combat
  3790 | D:6      | Noticed Duvessa
  3857 | D:6      | Noticed Dowan
  3876 | D:6      | Killed Dowan
  3877 | D:6      | Gained mutation: You have razor-sharp teeth. [Vine Stalker
                  | growth]
  3877 | D:6      | Reached XP level 8. HP: 38/42 MP: 5/9
  3878 | D:6      | Killed Duvessa
  3879 | D:6      | Reached skill level 7 in Unarmed Combat
  3879 | D:6      | Reached skill level 5 in Shapeshifting
  4037 | D:6      | Found a shimmering altar of Xom.
  4199 | D:6      | Found a white marble altar of Elyvilon.
  4343 | D:6      | Found a staircase to the Ecumenical Temple.
  4360 | Temple   | Entered the Ecumenical Temple
  4367 | Temple   | Became a worshipper of Warmaster Okawaru
  4693 | D:7      | Reached skill level 8 in Unarmed Combat
  4753 | D:7      | Found a glowing silver altar of Zin.
  4753 | D:7      | Identified the +1 chain mail "Raom" {*Slow rElec Dex+2}
  4794 | D:7      | Reached * piety under Okawaru
  4931 | D:7      | Reached skill level 5 in Fighting
  4967 | D:7      | Reached XP level 9. HP: 42/47 MP: 8/10
  5005 | D:7      | Found an opulent altar of Gozag.
  5338 | D:7      | Noticed a hornet
  5345 | D:7      | Killed a hornet
  5346 | D:7      | Reached skill level 9 in Unarmed Combat
  5400 | D:7      | HP: 1/47 [poisoned by a kobold brigand]
  5402 | D:7      | Succumbed to a kobold brigand's poison

Illustrated notes

Levels and vault maps discovered:
D:1:      scummos_arrival_star, layout_loops_ring, basic_ecumenical_altar
D:2:      layout_loops_cross, kennysheep_donut
D:3:      layout_basic, serial_shops, shop
D:4:      layout_gridville, serial_bayou_pond_b
D:5:      layout_basic, corexii_shack
D:6:      layout_loops_ring, lemuel_coloured_pillars_altar, dk_xom_monty_hall,
          minmay_temple_entry_slanted, nicolae_ossuary_entry_plus, uniq_edmund,
          uniq_duvessa
D:7:      layout_cave_pods, old_standard_altar, nicolae_gozag_seed_capital,
          small_statue_intersection, minmay_quadrilaterals
Temple:   nicolae_temple_no_exploring_needed

Skill      XL: |  1  2  3  4  5  6  7  8  9 |
---------------+----------------------------+-----
Fighting       | 1 2 3 5 |  5.5
Unarmed Combat | 4 5 6 8 9 |  9.1
Shapeshifting  | 4 5 6 |  6.2
Dodging        | |  1.5

Action                     |  1- 3 |  4- 6 |  7- 9 || total
---------------------------+-------+-------+-------++-------
  Melee: Dagger            |    81 |   102 |   186 ||   369
         Unarmed           |     5 |       |       ||     5
         Bite              |    22 |    34 |    69 ||   125
         Punch             |     2 |       |       ||     2
  Throw: Dart              |       |     5 |     4 ||     9
    Use: Scroll            |       |     8 |       ||     8
         Potion            |       |       |     1 ||     1
 Armour: Ring mail         |    28 |     4 |       ||    32
         Chain mail        |       |    53 |   156 ||   209
  Dodge: Dodged            |    59 |    45 |    81 ||   185
  Block: Buckler           |       |    12 |    36 ||    48

Table legend: (Time is in decaauts)
 A = Elapsed time spent in this place.
 B = Non-inter-level travel time spent in this place.
 C = Inter-level travel time spent in this place.
 D = Time resting spent in this place.
 E = Time spent auto-exploring this place.
 F = Levels seen in this place.
 G = Mean time per level.
                   A        B        C        D        E       F      G
               +--------+--------+--------+--------+--------+-----+--------+
         Total |   5415 |   5164 |    251 |    164 |   3966 |   8 |  676.9 |
       Dungeon |   5400 |   5156 |    244 |    164 |   3966 |   7 |  771.4 |
        Temple |     14 |      7 |      7 |      0 |      0 |   1 |   14.0 |
               +--------+--------+--------+--------+--------+-----+--------+

Top non-repeatable levels by time:
     D:6: 956 daAuts
     D:5: 933 daAuts
     D:7: 835 daAuts
     D:2: 801 daAuts
     D:1: 669 daAuts
     D:4: 618 daAuts
     D:3: 585 daAuts
  Temple: 14 daAuts
